 Dungeon Crawl Stone Soup version 0.26-a0-537-g96b2eae49b (webtiles) character file.

Game seed: 15849379244499609300

125608 Morbidden the Grappler (level 16, -2/139 HPs)
             Began as a Grey Draconian Monk on Aug 14, 2020.
             Was the Champion of Cheibriados.
             Shot with an arrow by a satyr (21 damage)
             ... on level 2 of the Shoals.
             The game lasted 01:03:50 (35772 turns).

Morbidden the Grappler (Grey Draconian Monk)       Turns: 35772, Time: 01:03:51

Health: -2/139     AC: 23    Str: 34    XL:     16   Next: 41%
Magic:  16/24      EV: 27    Int: 27    God:    Cheibriados [******]
Gold:   6077       SH:  0    Dex: 35    Spells: 15/26 levels left

rFire    . . .     SeeInvis .     - Unarmed
rCold    . . .     Faith    .   (no shield)
rNeg     . . .     Spirit   .   (armour unavailable)
rPois    +         Reflect  .   (helmet restricted)
rElec    .         Harm     .   V - +0 cloak {rCorr}
rCorr    +                      p - +2 pair of gloves
MR       ++...                  I - +0 pair of boots
Stlth    ++........             P - amulet of magic regeneration
HPRegen  0.33/turn              Q - ring "Juepser" {rPois MR+ Dex+6}
MPRegen  0.44/turn              y - +4 ring of protection

@: confused, afraid, very slow
A: walk through water, unfitting armour, unbreathing, cold-blooded, AC +14
a: Bend Time, Temporal Distortion, Slouch, Step From Time, Renounce Religion


You were on level 2 of the Shoals.
You worshipped Cheibriados.
Cheibriados was exalted by your worship.
You visited 6 branches of the dungeon, and saw 28 of its levels.

You collected 7221 gold pieces.
You spent 1144 gold pieces at shops.

Inventory:

Hand Weapons
 b - the +10 dark maul {vorpal}
   (You took it off a centaur on level 14 of the Dungeon)

   It inflicts extra damage upon your enemies.
Missiles
 a - 71 poisoned darts
 n - 5 throwing nets
 q - a curare-tipped dart
 r - 23 boomerangs (quivered)
 W - 18 javelins
Armour
 p - a +2 pair of gloves (worn)
 I - a +0 pair of boots (worn)
 V - a +0 cloak of preservation (worn)
Jewellery
 i - an uncursed ring of positive energy
 x - an uncursed ring of poison resistance
 y - a +4 ring of protection (right hand)
 E - a +6 ring of intelligence
 L - an uncursed ring of resist corrosion
 N - an uncursed ring of magical power
 P - an amulet of magic regeneration (around neck)
 Q - the ring "Juepser" (left hand) {rPois MR+ Dex+6}
   (You acquired it on level 2 of the Shoals)

   [ring of protection from magic]

   It affects your dexterity (+6).
   It protects you from poison.
   It affects your resistance to hostile enchantments.
Wands
 o - a wand of acid (13)
 w - a wand of polymorph (22)
 A - a wand of enslavement (4)
 B - a wand of digging (5)
 D - a wand of iceblast (18)
 M - a wand of paralysis (6)
 O - a wand of disintegration (10)
Scrolls
 c - 10 scrolls of remove curse
 d - a scroll of torment {unknown}
 e - 8 scrolls of identify
 f - 3 scrolls of amnesia
 g - 3 scrolls of magic mapping
 h - 4 scrolls of enchant weapon
 j - 4 scrolls of fog
 k - 8 scrolls of teleportation
 l - 4 scrolls of immolation
 t - 2 scrolls of fear
 z - 4 scrolls of enchant armour
 G - 4 scrolls of blinking
 K - 2 scrolls of vulnerability {unknown}
 U - a scroll of noise {unknown}
Potions
 m - 3 potions of heal wounds
 s - 2 potions of resistance {unknown}
 u - 3 potions of flight
 v - 6 potions of stabbing {unknown}
 C - 2 potions of might
 F - 6 potions of curing {unknown}
 H - a potion of ambrosia {unknown}
 J - 3 potions of brilliance {unknown}
 R - 4 potions of mutation
 X - 2 potions of invisibility
 Y - a potion of cancellation
 Z - a potion of lignification
Miscellaneous
 S - a condenser vane (2/2)
 T - a lightning rod (4/4)


   Skills:
 * Level 11.8 Fighting
 + Level 6.0 Maces & Flails
 + Level 5.9 Throwing
 * Level 11.4 Dodging
 + Level 7.3 Stealth
 * Level 14.7 Unarmed Combat
 * Level 5.9 Spellcasting
 + Level 1.1 Conjurations
 - Level 5.0 Hexes
 * Level 6.3 Transmutations
 * Level 8.5 Earth Magic
 * Level 10.0 Invocations
 * Level 9.1 Evocations


You had 15 spell levels left.
You knew the following spells:

 Your Spells              Type           Power        Failure   Level
a - Leda's Liquefaction   Hex/Erth       #####.....   4%          4
b - Stone Arrow           Conj/Erth      ####..       2%          3
c - Petrify               Tmut/Erth      #####...     3%          4

Your spell library contained the following spells:

 Spells                   Type           Power        Failure   Level
 Corona                   Hex            ####...      1%          1
 Sandblast                Erth           ######       1%          1
 Sting                    Tmut/Pois      ####         1%          1
 Passwall                 Tmut/Erth      #####...     1%          2
 Slow                     Hex            ####....     1%          2
 Confusing Touch          Hex            ####....     2%          3
 Tukima's Dance           Hex            ####....     2%          3
 Ensorcelled Hibernation  Hex/Ice        ###...       3%          2
 Magic Dart               Conj           ##..         4%          1
 Shock                    Conj/Air       ##..         5%          1
 Dazzling Flash           Conj/Hex       ###...       5%          3
 Lee's Rapid Deconstruct  Erth           ######....   5%          5
 Animate Skeleton         Necr           #.....       7%          1
 Apportation              Tloc           #.....       7%          1
 Summon Small Mammal      Summ           #...         7%          1
 Inner Flame              Hex/Fire       ###.....     7%          3
 Portal Projectile        Hex/Tloc       ###...       7%          3
 Ignite Poison            Fire/Tmut/Pois ###.....     9%          3
 Cause Fear               Hex            ####......   9%          4
 Blink                    Tloc           N/A          10%         2
 Call Imp                 Summ           #.......     10%         2
 Poisonous Vapours        Pois/Air       #.....       10%         2
 Swiftness                Air            #.......     10%         2
 Conjure Flame            Conj/Fire      ##......     16%         3
 Static Discharge         Conj/Air       ##......     16%         3
 Mephitic Cloud           Conj/Pois/Air  ##......     17%         3
 Airstrike                Air            #.........   54%         4
 Olgreb's Toxic Radiance  Pois           #.......     54%         4
 Lightning Bolt           Conj/Air       ##........   82%         5


Dungeon Overview and Level Annotations

Branches:
Dungeon (15/15)            Temple (1/1) D:6            Lair (6/6) D:8
 Shoals (3/4) Lair:3        Snake (1/4) Lair:4        Slime (0/5) Lair:6
    Orc (2/2) D:10            Elf (0/3) Orc:2        Vaults (0/5) D:13
 Depths (0/5) D:15

Altars:
Ashenzari
Cheibriados
Dithmenos
Elyvilon
Fedhas
Gozag
Hepliaklqana
Kikubaaqudgha
Makhleb
Nemelex Xobeh
Okawaru
Qazlal
Ru
Sif Muna
Trog
Uskayaw
Vehumet
Wu Jian
Xom
Yredelemnul
Zin
The Shining One
Jiyva

Shops:
D:6 ?   D:10 :   Orc:2 ???:

Portals:
Trove: D:13 (give +5 demon blade)

Annotations:
Lair:6 3 runed translucent doors
Snake:1 Nikola


Innate Abilities, Weirdness & Mutations

You can walk through water.
Your dull iron-grey scales are very hard. (AC +14)
You cannot fit into any form of body armour.
You can survive without breathing.
You are cold-blooded and may be slowed by cold attacks.


Message History

The faun gestures at you while chanting.
You resist with almost no effort.
The satyr shoots an arrow.
The arrow closely misses you.
You hear a splash.
Unknown command.
Unknown command.
You punch the faun!
You kill the faun!
Cheibriados thoroughly appreciates the change of pace.
Your Maces & Flails skill increases to level 6!
The faun points at you and mumbles some strange words.
You are confused.
Unknown command.
Unknown command.
Unknown command.
The satyr shoots an arrow.
The arrow hits you!
* * * LOW HITPOINT WARNING * * *
The faun completely misses you. x2; The satyr shoots an arrow.
The arrow hits you!!
You die...

#≈≈≈≈≈≈≈≈.....≈≈≈≈≈≈≈≈
≈≈≈
#≈≈≈≈≈≈≈≈..##.≈≈≈≈≈≈≈≈≈≈
≈≈≈
#≈≈≈≈≈≈≈≈.###.≈≈≈≈≈≈≈...
≈≈≈
#≈≈≈≈≈≈≈≈≈≈.≈....≈≈≈..##
≈≈≈
#≈≈≈≈≈≈≈≈≈≈......≈≈≈....
≈≈≈
#≈≈≈≈≈≈≈≈≈.≈≈.....c....$
≈≈≈
#≈≈≈≈≈≈≈≈≈.≈≈..c........
.≈≈
#≈≈≈≈≈≈≈≈((≈≈.))........
..≈
#≈≈≈≈≈≈≈≈≈≈≈..()@.......
(.≈
#≈≈≈≈≈≈≈≈≈≈≈.#..........
...
#≈≈≈≈≈≈≈≈≈≈≈≈...........
...
#≈≈≈≈≈≈≈≈≈≈≈≈≈≈≈........
..≈
#≈≈≈≈≈≈≈≈≈≈(≈≈≈≈≈≈≈≈....
.≈
#≈≈≈≈≈≈≈≈≈≈≈≈≈≈≈≈≈≈≈≈...
.
#≈≈≈≈≈≈≈≈≈≈≈≈≈≈≈≈≈≈≈≈≈##
#≈≈≈≈≈≈≈≈≈≈≈≈≈≈≈≈≈≈≈≈##
#≈≈≈≈≈≈≈≈≈


You could see a satyr (scary) and a faun.

Vanquished Creatures
  Rupert (Lair:5)
  Jorgrun (Orc:2)
  Kirke (Shoals:2)
  Azrael (Orc:2)
  A merfolk javelineer (Shoals:2)
  An ettin (Orc:2)
  A fire dragon (D:14)
  3 merfolk impalers
  Josephine (Orc:2)
  6 hydras
  Erica (Lair:1)
  A merfolk aquamancer (Shoals:3)
  5 centaur warriors
  19 two-headed ogres
  A death knight (D:15)
  4 tengu warriors
  4 ogre magi
  6 skeletal warriors
  5 sea snakes
  2 deep trolls (Orc:2)
  3 wizards
  2 unseen horrors (D:14)
  A lindwurm (shapeshifter) (D:15)
  4 harpies (Shoals:1)
  3 orc sorcerers
  A phantasmal warrior (D:15)
  3 orc knights
  A lindwurm (Lair:6)
  A glowing orange brain (D:14)
  2 fauns (Shoals:2)
  9 manticores
  5 deep elf magi
  2 ugly things (D:11)
  12 cyclopes
  3 elephants (Lair:5)
  2 merfolk sirens
  Maurice (Orc:2)
  2 water nymphs (Shoals:2)
  11 black mambas
  13 cane toads
  2 molten gargoyles (Lair:6)
  A gargoyle (D:15)
  11 komodo dragons
  4 kobold demonologists
  A rime drake (Lair:5)
  2 freezing wraiths (D:14)
  A redback zombie (D:15)
  4 yaktaurs
  4 merfolk
  A polar bear (shapeshifter) (D:13)
  10 trolls
  3 slime creatures (D:13)
  2 hornets
  2 wind drakes
  3 dream sheep (Shoals:3)
  21 blink frogs
  2 harpy skeletons (D:15)
  9 hippogriffs
  6 snapping turtles
  A centaur simulacrum (D:14)
  A vampire (D:14)
  3 shadows
  6 wraiths
  7 wyverns
  25 yaks
  3 fire elementals
  6 basilisks
  3 vampire mosquitoes
  A hog (Shoals:2)
  4 water elementals
  A hog (shapeshifter) (D:15)
  2 steam dragons (Lair:6)
  A naga (Lair:4)
  4 acid dragons
  A soldier ant (D:14)
  18 water moccasins
  17 orc warriors
  7 hell hounds
  14 porcupines
  A hornet zombie (D:14)
  A black bear (shapeshifter) (D:14)
  2 ice beasts
  2 black bears
  6 sky beasts
  A boggart (D:13)
  4 phantoms
  22 wolves
  An eye of draining (D:10)
  2 necrophages
  23 centaurs
  29 ogres
  15 crocodiles
  20 bullfrogs
  10 big kobolds
  A wyvern skeleton (D:14)
  4 scorpions
  4 killer bees
  16 wights
  5 electric eels
  A howler monkey (D:12)
  5 lava snakes (Lair:6)
  6 centaur zombies
  A bullfrog zombie (D:6)
  3 jellies
  A quasit (D:5)
  A wyvern simulacrum (D:14)
  5 hounds
  16 orc wizards
  A bullfrog skeleton (D:4)
  7 centaur skeletons
  15 orc priests
  2 gnoll shamans
  5 iguanas
  Ijyb (D:4)
  Natasha (thrice) (D:4)
  14 worker ants
  2 hound skeletons
  11 gnolls
  10 adders
  2 shadow imps
  A white imp (D:5)
  An ufetubus (D:9)
  2 oozes
  3 adder skeletons
  4 worms
  A dart slug (D:1)
  12 leopard geckos
  66 orcs
  12 bats
  7 giant cockroaches
  4 hobgoblins
  13 jackals
  37 kobolds
  2 quokkas
  A ball python (D:2)
  6 frilled lizards
  7 goblins
  A jackal skeleton (D:4)
  A quokka skeleton (D:4)
  8 rats
830 creatures vanquished.

Vanquished Creatures (others)
  An anaconda (Snake:1)
  A manticore (D:14)
  A salamander (Snake:1)
  A human (Shoals:2)
  A bullfrog (Lair:1)
  An orc (Orc:2)
  8 fungi
  10 plants
24 creatures vanquished.

Grand Total: 854 creatures vanquished

Notes
Turn   | Place    | Note
-------+----------+-------------------------------------------
     0 | D:1      | Morbidden the Draconian Monk began the quest for the Orb.
     0 | D:1      | Reached XP level 1. HP: 19/19 MP: 1/1
   403 | D:1      | Reached XP level 2. HP: 24/26 MP: 2/2
   934 | D:1      | Reached XP level 3. HP: 33/33 MP: 3/3
  1416 | D:2      | Reached skill level 4 in Unarmed Combat
  1507 | D:2      | Reached XP level 4. HP: 27/40 MP: 4/4
  2415 | D:3      | Found a sparkling altar of Nemelex Xobeh.
  2416 | D:3      | Found an opulent altar of Gozag.
  2752 | D:3      | Found a faded altar of an unknown god.
  2846 | D:3      | Reached XP level 5. HP: 12/46 MP: 5/5
  3410 | D:4      | Reached skill level 5 in Unarmed Combat
  3680 | D:4      | Noticed Natasha
  3688 | D:4      | Killed Natasha
  3797 | D:4      | Reached XP level 6. HP: 49/52 MP: 6/6
  4038 | D:4      | Noticed Ijyb
  4049 | D:4      | Reached skill level 6 in Unarmed Combat
  4050 | D:4      | Killed Ijyb
  4319 | D:4      | Noticed Natasha
  4344 | D:4      | Killed Natasha
  4462 | D:4      | Found a shadowy altar of Dithmenos.
  4511 | D:5      | Entered Level 5 of the Dungeon
  4601 | D:4      | Noticed Natasha
  4619 | D:4      | Killed Natasha
  4619 | D:4      | Your scales start taking on a dull iron-grey colour.
  4619 | D:4      | Reached XP level 7. HP: 34/60 MP: 7/7
  4619 | D:4      | Gained mutation: You can survive without breathing. [Grey
                  | Draconian growth]
  4757 | D:5      | Reached skill level 7 in Unarmed Combat
  4959 | D:5      | Found a sparkling altar of Nemelex Xobeh.
  5028 | D:5      | Found a burning altar of Makhleb.
  5036 | D:5      | Noticed a balrug
  5846 | D:5      | Reached skill level 8 in Unarmed Combat
  5846 | D:5      | Reached XP level 8. HP: 63/67 MP: 8/8
  5877 | D:5      | Found a burning altar of Makhleb.
  5879 | D:5      | Found an opulent altar of Gozag.
  5879 | D:5      | Found a shimmering blue altar of Sif Muna.
  5881 | D:5      | Found a shimmering altar of Xom.
  5881 | D:5      | Found a shimmering blue altar of Sif Muna.
  5881 | D:5      | Found a shadowy altar of Dithmenos.
  5998 | D:6      | Found Quyd's Magic Scroll Emporium.
  6139 | D:6      | Found a staircase to the Ecumenical Temple.
  6140 | D:6      | Found an iron altar of Okawaru.
  6152 | Temple   | Entered the Ecumenical Temple
  6203 | Temple   | Became a worshipper of Cheibriados the Contemplative
  6203 | Temple   | Reached * piety under Cheibriados
  6203 | Temple   | Reached ** piety under Cheibriados
  6222 | D:6      | Reached skill level 5 in Fighting
  6637 | D:6      | Reached skill level 9 in Unarmed Combat
  6637 | D:6      | Reached skill level 1 in Invocations
  7150 | D:7      | Reached *** piety under Cheibriados
  7495 | D:7      | Reached skill level 5 in Dodging
  7495 | D:7      | Reached XP level 9. HP: 75/75 MP: 10/10
  7686 | D:7      | Reached skill level 1 in Throwing
  7937 | D:8      | Reached skill level 1 in Evocations
  8059 | D:8      | Reached **** piety under Cheibriados
  8785 | D:8      | Reached skill level 10 in Unarmed Combat
  8988 | D:8      | Reached ***** piety under Cheibriados
  9123 | D:8      | Reached XP level 10. HP: 34/84 MP: 12/12
  9440 | D:8      | Found a staircase to the Lair.
  9618 | D:8      | Found a blossoming altar of Fedhas.
  9721 | D:8      | Found a hide-covered altar of Uskayaw.
  9721 | D:8      | Found an ornate altar of the Wu Jian Council.
  9722 | D:8      | Found an iron altar of Okawaru.
 10187 | D:9      | Paralysed by a hornet for 1 turns
 10315 | D:9      | Found a blossoming altar of Fedhas.
 10322 | D:9      | Noticed a cyclops
 10334 | D:9      | Killed a cyclops
 10726 | D:10     | Entered Level 10 of the Dungeon
 10757 | D:10     | Found a staircase to the Orcish Mines.
 10876 | D:10     | Reached skill level 5 in Invocations
 10886 | D:10     | Reached skill level 11 in Unarmed Combat
 11220 | D:10     | Found a blossoming altar of Fedhas.
 11293 | D:10     | Found Muchebra's Book Boutique.
 11336 | D:10     | Noticed a two-headed ogre
 11347 | D:10     | Killed a two-headed ogre
 11847 | D:11     | Reached ****** piety under Cheibriados
 11864 | D:11     | Reached XP level 11. HP: 92/92 MP: 13/15
 11865 | D:11     | Noticed a two-headed ogre
 11874 | D:11     | Killed a two-headed ogre
 12037 | D:11     | Noticed a brown ugly thing
 12047 | D:11     | Killed a brown ugly thing
 12241 | D:11     | Noticed a five-headed hydra
 12245 | D:11     | Killed a five-headed hydra
 12336 | D:11     | Noticed a two-headed ogre
 12347 | D:11     | Killed a two-headed ogre
 12347 | D:11     | Reached skill level 5 in Evocations
 12381 | D:11     | Noticed a green ugly thing
 12568 | D:11     | Reached skill level 5 in Stealth
 12673 | D:11     | Noticed a two-headed ogre
 12680 | D:11     | Killed a two-headed ogre
 12732 | D:11     | Noticed a two-headed ogre
 12740 | D:11     | Killed a two-headed ogre
 12945 | D:11     | Killed a green ugly thing
 12945 | D:11     | Reached skill level 12 in Unarmed Combat
 13224 | Lair:1   | Entered Level 1 of the Lair of Beasts
 13334 | Lair:1   | Noticed an eight-headed hydra
 13348 | Lair:1   | Killed an eight-headed hydra
 13768 | Lair:1   | Reached XP level 12. HP: 103/103 MP: 17/17
 13910 | Lair:1   | Learned a level 4 spell: Leda's Liquefaction
 14100 | Lair:1   | Noticed Erica
 14113 | Lair:1   | Killed Erica
 14909 | Lair:2   | Reached skill level 1 in Earth Magic
 14924 | Lair:2   | Reached skill level 1 in Hexes
 15444 | Lair:2   | Reached skill level 1 in Spellcasting
 16978 | Lair:3   | Found a staircase to the Shoals.
 17683 | D:4      | Found a shadowy altar of Dithmenos.
 18274 | Lair:4   | Learned a level 4 spell: Petrify
 18293 | Lair:4   | Reached XP level 13. HP: 95/111 MP: 14/18
 18552 | Lair:4   | Learned a level 3 spell: Stone Arrow
 18761 | Lair:4   | Found a staircase to the Snake Pit.
 19687 | Snake:1  | Entered Level 1 of the Snake Pit
 19708 | Snake:1  | Reached skill level 13 in Unarmed Combat
 19826 | Lair:5   | Reached skill level 1 in Transmutations
 20125 | Lair:5   | Reached skill level 5 in Earth Magic
 20790 | Lair:5   | Noticed Rupert
 21006 | Lair:5   | Paralysed by Rupert for 2 turns
 21027 | Lair:5   | Killed Rupert
 21027 | Lair:5   | Reached skill level 1 in Conjurations
 21176 | Lair:6   | Entered Level 6 of the Lair of Beasts
 21311 | Lair:6   | Reached skill level 10 in Dodging
 21969 | Lair:6   | Found a runed translucent door.
 21970 | Lair:6   | Found a viscous altar of Jiyva.
 22202 | Lair:6   | Reached skill level 10 in Fighting
 22512 | Lair:6   | Reached XP level 14. HP: 121/121 MP: 20/20
 22990 | Lair:6   | Found a large runed translucent door.
 22991 | Lair:6   | Found a large runed translucent door.
 23144 | Lair:6   | Found a staircase to the Slime Pits.
 24574 | D:13     | Found a gate to the Vaults.
 24626 | D:13     | Reached skill level 5 in Throwing
 25413 | D:13     | Found a portal to a secret trove of treasure.
 26227 | D:14     | Identified a scroll of acquirement
 26227 | D:14     | Acquired 1940 gold pieces
 27483 | D:14     | Reached skill level 14 in Unarmed Combat
 27747 | D:14     | Reached skill level 5 in Hexes
 28053 | D:14     | Reached XP level 15. HP: 128/128 MP: 21/21
 28346 | D:15     | Entered Level 15 of the Dungeon
 28998 | D:15     | Reached skill level 1 in Maces & Flails
 29227 | D:15     | Identified the +10 dagger of Laceration {protect, Int+3}
 29635 | D:15     | Reached skill level 5 in Transmutations
 30097 | D:15     | Found a staircase to the Depths.
 30438 | Orc:1    | Entered Level 1 of the Orcish Mines
 30485 | Orc:1    | Reached skill level 5 in Spellcasting
 31284 | Orc:2    | Entered Level 2 of the Orcish Mines
 31284 | Orc:2    | Noticed Azrael
 31484 | Orc:2    | Killed Azrael
 31852 | Orc:2    | Found a staircase to the Elven Halls.
 31853 | Orc:2    | Noticed Josephine
 31862 | Orc:2    | Killed Josephine
 31997 | Orc:2    | Noticed Jorgrun
 32005 | Orc:2    | Killed Jorgrun
 32012 | Orc:2    | Noticed Maurice
 32021 | Orc:2    | Killed Maurice
 32025 | Orc:2    | Reached XP level 16. HP: 67/138 MP: 24/24
 32280 | Orc:2    | Found Ralaun's Magic Scroll Shop.
 32312 | Orc:2    | Found Mamnemp's Book Shop.
 32313 | Orc:2    | Found Segolos's Magic Scroll Shoppe.
 32315 | Orc:2    | Bought a scroll of teleportation for 51 gold pieces
 32315 | Orc:2    | Bought a scroll of teleportation for 51 gold pieces
 32315 | Orc:2    | Bought a scroll of blinking for 127 gold pieces
 32323 | Orc:2    | Found Ofrafo's Magic Scroll Boutique.
 32326 | Orc:2    | Bought a scroll of teleportation for 30 gold pieces
 32326 | Orc:2    | Bought a scroll of blinking for 75 gold pieces
 32326 | Orc:2    | Bought a scroll of teleportation for 30 gold pieces
 32331 | Orc:2    | Bought a scroll of acquirement for 780 gold pieces
 32784 | Snake:1  | Noticed Nikola
 32852 | Shoals:1 | Entered Level 1 of the Shoals
 33552 | Shoals:1 | Reached skill level 5 in Maces & Flails
 34056 | Shoals:2 | You fall into a shaft and drop 1 floor!
 34666 | Shoals:2 | Noticed Kirke
 34672 | Shoals:2 | Killed Kirke
 35342 | Shoals:2 | Acquired 2310 gold pieces
 35344 | Shoals:2 | Acquired the ring "Juepser" {rPois MR+ Dex+6}
 35765 | Shoals:2 | Reached skill level 10 in Invocations
 35772 | Shoals:2 | Shot with an arrow by a satyr

Illustrated notes

Levels and vault maps discovered:
D:1:      elethiomel_arrival_maze, layout_basic
D:2:      layout_rooms, minmay_randomly_rotated_circles
D:3:      layout_loops_cross, grunt_temple_overflow_opulence,
          chequers_ecumenical_altar_simple_redux
D:4:      layout_basic, kennysheep_mini, kennysheep_generic_room_5, uniq_ijyb,
          uniq_natasha
D:5:      layout_loops_corners, doesnt_xom_only_xom, basic_altar,
          minmay_misc_feat_pillars, makhleb_altar_promises_db
D:6:      layout_gridville, minmay_temple_entry_drinking_statues, serial_shops,
          shop, okawaru_ov_weapons_minmay
D:7:      layout_rooms
D:8:      layout_gridville, marbit_many_paths, gammafunk_temple_overflow_claw,
          minmay_lair_entry_grove, lightli_minifort
D:9:      layout_small_grid, basic_altar
D:10:     layout_long_grid, orc_0_dummy, basic_altar, serial_shops, shop
D:11:     layout_loops_corners
D:12:     layout_roguey
D:13:     layout_gridville, hangedman_vaults_entry_quadrant_bands,
          trove_entry_hex_spiral
D:14:     minmay_the_grid_3x3 [minmay_the_grid_square_x,
          minmay_the_grid_tiny_cups, minmay_the_grid_pillar_ring,
          minmay_the_grid_dragon_a, minmay_the_grid_expand,
          minmay_the_grid_zigzag_pyramid, minmay_the_grid_small_cups,
          minmay_the_grid_minigrid_small_alt,
          minmay_the_grid_prize_four_corners_diamond_a], layout_loops_ring,
          infiniplex_staircase_door_maze
D:15:     grunt_enter_depths_magical_seal, layout_rooms, onia_ninara_cookie
Temple:   zaba_magenta_temple
Lair:1:   layout_regular_city, uniq_erica
Lair:2:   layout_concentric_octagons, serial_bayou_lagoon_b
Lair:3:   layout_regular_city, shoals_dummy_entry, st_stairs_13,
          serial_bayou_shore_a, grunt_megastairs_1
Lair:4:   beast_lair_carwin_large_1, layout_cellular_growth,
          guppyfry_snake_entry_island, lemuel_fruit_tree
Lair:5:   layout_concentric_octagons, uniq_rupert
Lair:6:   cheibrodos_lair_end_hotspot, layout_cellular_growth, slime_altar_2,
          lemuel_fruit_fields
Shoals:1: layout_shoals
Shoals:2: layout_shoals, nicolae_shoals_water_elemental_grotto, uniq_kirke
Shoals:3: layout_shoals, uniq_ilsuiw, uniq_polyphemus
Snake:1:  layout_misc_corridors, basic_altar, uniq_louise, uniq_nikola
Orc:1:    layout_caves
Orc:2:    st_orc_open, layout_diamond_mine, uniq_jorgrun, uniq_josephine,
          uniq_azrael, uniq_maurice

Skill      XL: |  1  2  3  4  5  6  7  8  9 10 11 12 13 14 15 16 |
---------------+-------------------------------------------------+-----
Unarmed Combat | 4 5 6 8 9 10 11 12 13 14 | 14.7
Stealth        | 2 3 4 5 6 7 |  7.3
Dodging        | 3 4 5 6 7 8 9 10 11 | 11.4
Fighting       | 4 5 6 7 8 9 10 11 | 11.8
Invocations    | 2 3 5 6 7 8 9 10 | 10.0
Throwing       | 1 2 3 4 5 |  5.9
Evocations     | 3 4 5 6 7 8 9 |  9.1
Earth Magic    | 3 5 7 8 |  8.5
Hexes          | 2 3 5 |  5.0
Spellcasting   | 2 3 4 5 |  5.9
Transmutations | 3 4 5 6 |  6.3
Conjurations   | 1 |  1.1
Maces & Flails | 4 6 |  6.0

Action                   |  1- 3 |  4- 6 |  7- 9 | 10-12 | 13-15 | 16-18 || total
-------------------------+-------+-------+-------+-------+-------+-------++-------
Melee: Unarmed           |   157 |   234 |   355 |   591 |   820 |    45 ||  2202
       Tailslap          |    14 |    33 |    67 |   156 |   238 |    20 ||   528
       Punch             |     3 |     8 |    26 |    57 |   104 |     7 ||   205
       Maul              |       |       |       |       |   144 |    70 ||   214
Throw: Boomerang         |       |     6 |    17 |     6 |    85 |    20 ||   134
       Dart              |       |     1 |       |   121 |   107 |       ||   229
 Cast: Leda's Liquefacti |       |       |       |     1 |    22 |       ||    23
       Stone Arrow       |       |       |       |       |    32 |       ||    32
       Petrify           |       |       |       |       |     5 |       ||     5
Invok: Slouch            |       |       |       |     3 |     2 |     3 ||     8
Evoke: Wand              |       |     6 |     2 |     7 |    14 |       ||    29
       Lightning rod     |       |       |       |       |    11 |     1 ||    12
       Condenser vane    |       |       |       |       |     3 |       ||     3
  Use: Potion            |       |     1 |       |       |     3 |     3 ||     7
       Scroll            |       |       |     4 |    16 |     6 |    11 ||    37
 Stab: Sleeping          |     4 |     3 |    12 |    23 |    18 |     5 ||    65
       Distracted        |       |       |       |     1 |     4 |       ||     5
       Petrified         |       |       |       |       |     6 |       ||     6
       Petrifying        |       |       |       |       |     2 |       ||     2
Armor: Skin              |    59 |    60 |   139 |   120 |   333 |    58 ||   769
Dodge: Dodged            |   148 |   142 |   330 |   624 |  1441 |   242 ||  2927

Table legend: (Time is in decaauts)
 A = Elapsed time spent in this place.
 B = Non-inter-level travel time spent in this place.
 C = Inter-level travel time spent in this place.
 D = Time resting spent in this place.
 E = Time spent auto-exploring this place.
 F = Levels seen in this place.
 G = Mean time per level.
                   A        B        C        D        E       F      G
               +--------+--------+--------+--------+--------+-----+--------+
         Total |  48754 |  44831 |   3923 |   7041 |  30366 |  28 | 1741.2 |
       Dungeon |  27033 |  24347 |   2686 |   4875 |  15166 |  15 | 1802.2 |
        Temple |     72 |     72 |      0 |      0 |     47 |   1 |   72.0 |
          Lair |  14301 |  13325 |    976 |   1136 |  10438 |   6 | 2383.5 |
        Shoals |   4158 |   4128 |     30 |    309 |   3202 |   3 | 1386.0 |
     Snake Pit |    220 |    219 |      1 |     45 |     54 |   1 |  220.0 |
  Orcish Mines |   2968 |   2739 |    229 |    676 |   1458 |   2 | 1484.0 |
               +--------+--------+--------+--------+--------+-----+--------+

Top non-repeatable levels by time:
    D:14: 4806 daAuts
  Lair:6: 3530 daAuts
  Lair:4: 2731 daAuts
     D:8: 2499 daAuts
  Lair:1: 2371 daAuts
    D:11: 2192 daAuts
    D:10: 2166 daAuts
  Lair:2: 2129 daAuts
Shoals:2: 2071 daAuts
    D:13: 1915 daAuts
     D:4: 1875 daAuts
  Lair:5: 1863 daAuts
Shoals:1: 1857 daAuts
   Orc:2: 1741 daAuts
     D:9: 1702 daAuts
